Map: [ESL] Oceanborn

Players

GuMiho

  • Race: Terran Terran
  • Spawn Location: 11:00

Classic - Winner!

  • Race: Protoss Protoss
  • Spawn Location: 5:00

Event: IEM Katowice 2024

VOD

Have the link to the VOD?

Description

Time

  • Played on: Dec. 8, 2023, 2:16 p.m.
  • Length: 8:51

All games in this series

Show
View Real Time Build Order
Export as new Build Order

GuMiho Terran 

Build Orders: Reaper Expand 

Get SALT Encoding   

  12  0:00  SCV  
  13  0:12  SCV  
  14  0:17  Supply Depot  
  14  0:24  SCV  
  15  0:38  SCV  
  15  0:41  Barracks  
  16  0:45  Refinery  
  16  0:50  SCV  
  17  1:03  SCV  
  18  1:13  Engineering Bay  
  18  1:15  SCV  
  19  1:28  Orbital Command  
  19  1:29  Reaper  
  20  1:46  Command Center  
  20  1:54  SCV  
  21  2:02  Barracks Reactor  
  21  2:03  Bunker  
  21  2:06  SCV  
  22  2:10  Supply Depot  
  22  2:18  SCV  
  22  2:21  Barracks  
  23  2:31  SCV  
  24  2:38  Marine x2  
  24  2:40  Barracks  
  24  2:43  SCV  
  27  2:55  SCV  
  27  2:56  Marine x2  
  30  3:00  Orbital Command  
  30  3:09  Barracks Tech Lab, SCV  
  31  3:14  Marine x2  
  31  3:18  Supply Depot  
  33  3:21  SCV  
  33  3:26  SCV  
  35  3:28  Stimpack  
  35  3:29  Barracks Tech Lab  
  35  3:33  Marine x2  
  37  3:34  Marine  
  37  3:38  SCV  
  39  3:41  Supply Depot  
  39  3:42  SCV  
  40  3:52  Marine x3  
  40  3:53  Marine  
  40  3:54  Combat Shield  
  43  3:56  SCV x2  
  45  4:05  Factory  
  45  4:06  Refinery  
  45  4:08  SCV x2  
  47  4:12  Marine x3  
  47  4:13  Marine  
  50  4:22  Supply Depot, SCV x2  
  51  4:30  Marine x3  
  54  4:33  Supply Depot  
  54  4:34  SCV x2  
  56  4:40  Engineering Bay  
  56  4:46  Marine, SCV x2  
  56  4:47  Marine  
  56  4:48  Marine x2  
  56  4:50  Starport  
  62  4:56  Refinery  
  62  4:58  SCV x2  
  62  4:59  Factory Reactor  
  64  5:04  Marine  
  64  5:05  Marine x2  
  67  5:10  SCV x2  
  69  5:19  Supply Depot  
  69  5:22  Terran Infantry Weapons Level 1, SCV x2  
  71  5:31  Supply Depot  
  71  5:34  SCV  
  72  5:37  SCV  
  72  5:39  Command Center  
  72  5:42  Marauder  
  74  5:46  SCV, Medivac  
  74  5:48  Medivac  
  74  5:49  SCV  
  80  5:55  Concussive Shells  
  80  5:58  SCV  
  80  6:01  SCV  
  82  6:04  Barracks  
  82  6:06  Barracks  
  82  6:09  Marauder  
  82  6:10  SCV  
  85  6:12  Marauder  
  85  6:13  Marine, SCV  
  85  6:15  Marine  
  85  6:16  Factory Reactor  
  90  6:21  Refinery  
  90  6:23  Supply Depot  
  90  6:24  SCV  
  93  6:34  SCV  
  93  6:37  SCV  
  93  6:41  Supply Depot  
  93  6:42  Supply Depot  
  93  6:46  SCV  
  94  6:49  SCV  
  89  7:02  Marauder x2, Marine x2  
  89  7:03  Barracks Tech Lab  
  89  7:07  Barracks Reactor  
  94  7:15  Widow Mine  
  94  7:17  Medivac x2  
  94  7:18  SCV x2  
  94  7:19  Orbital Command  
  100  7:23  Marauder x3  
  100  7:24  Widow Mine  
  108  7:30  SCV x2  
  108  7:31  Ghost Academy, Refinery  
  108  7:34  Supply Depot  
  108  7:35  Supply Depot  
  110  7:38  Widow Mine, Supply Depot  
  110  7:42  SCV x2  
  114  7:45  Supply Depot, SCV, Marauder x2  
  114  7:46  Widow Mine  
  114  7:47  Supply Depot  
  121  7:52  Armory, Engineering Bay  
  121  7:57  Marine x4, Marauder  
  127  8:00  Widow Mine  
  127  8:03  Medivac x2  
  133  8:07  Widow Mine  
Show
View Real Time Build Order
Export as new Build Order

Classic Protoss - Winner!

Build Orders: Oracle Opening, Colossus Rush 

Get SALT Encoding   

  12  0:00  Probe  
  13  0:12  Probe  
  14  0:17  Pylon  
  14  0:24  Probe  
  15  0:35  Gateway  
  15  0:36  Probe (Chrono Boost)  
  16  0:46  Assimilator, Probe (Chrono Boost)  
  17  0:51  Probe (Chrono Boost)  
  18  1:03  Probe  
  19  1:15  Probe  
  20  1:26  Cybernetics Core  
  20  1:27  Probe  
  21  1:41  Pylon  
  21  1:43  Probe  
  22  1:50  Nexus  
  22  1:55  Probe  
  22  1:59  Adept (Chrono Boost)  
  23  2:06  Assimilator  
  23  2:08  Probe  
  26  2:20  Probe  
  26  2:22  Adept  
  29  2:32  Probe  
  30  2:40  Stargate  
  30  2:44  Probe  
  31  2:51  Pylon  
  31  2:53  Warp Gate  
  31  3:01  Adept  
  31  3:02  Probe (Chrono Boost)  
  31  3:04  Probe (Chrono Boost)  
  36  3:14  Probe (Chrono Boost)  
  36  3:15  Probe (Chrono Boost)  
  37  3:20  Oracle (Chrono Boost)  
  37  3:22  Probe x2 (Chrono Boost)  
  42  3:28  Probe x2 (Chrono Boost)  
  42  3:30  Assimilator  
  42  3:32  Assimilator  
  44  3:40  Probe x2  
  46  3:43  Robotics Facility  
  46  3:47  Gateway, Pylon  
  46  3:53  Probe  
  46  3:54  Probe  
  48  4:06  Probe x2  
  50  4:18  Probe x2  
  52  4:24  Nexus  
  52  4:27  Pylon  
  52  4:29  Immortal (Chrono Boost)  
  52  4:30  Probe x2  
  54  4:37  Robotics Bay  
  58  4:41  Sentry x2  
  62  4:46  Pylon  
  62  4:47  Probe x2  
  62  4:52  Phoenix  
  66  4:57  Pylon  
  66  5:05  Observer, Zealot, Sentry  
  71  5:08  Shield Battery  
  71  5:10  Probe x2  
  71  5:19  Phoenix  
  73  5:22  Probe x2  
  73  5:25  Colossus (Chrono Boost), Pylon  
  75  5:35  Stalker  
  83  5:37  Probe x3  
  86  5:43  Zealot  
  86  5:49  Extended Thermal Lance  
  88  5:51  Probe x3  
  90  6:03  Probe x2  
  90  6:04  Colossus (Chrono Boost), Probe  
  95  6:07  Shield Battery  
  99  6:13  Pylon  
  99  6:14  Assimilator  
  99  6:15  Probe x2  
  99  6:16  Probe  
  99  6:17  Assimilator, Phoenix  
  104  6:24  Gateway  
  104  6:26  Gateway  
  104  6:29  Zealot x2  
  104  6:32  Pylon  
  108  6:36  Probe x3  
  108  6:39  Pylon  
  111  6:45  Observer (Chrono Boost)  
  112  6:48  Twilight Council  
  112  6:50  Stalker x2  
  113  7:02  Probe x3  
  113  7:03  Colossus (Chrono Boost)  
  122  7:14  Probe x3  
  123  7:16  Twilight Council  
  123  7:17  Forge  
  123  7:21  Pylon  
  119  7:24  Stalker  
  119  7:25  Stalker  
  119  7:29  Pylon  
  123  7:32  Gateway  
  123  7:33  Probe x2  
  123  7:34  Gateway, Probe  
  123  7:35  Gateway  
  126  7:48  Gateway  
  126  7:50  Gateway  
  126  7:53  Warp Prism (Chrono Boost), Templar Archives  
  128  7:59  Zealot  
  128  8:00  Zealot x2  
  128  8:01  Zealot  
  128  8:04  Pylon  
  136  8:13  Nexus  
  136  8:26  Zealot x5  
  146  8:33  Stalker x2  

Tags
 
Add a new tag
Caveats
  • Supply blocks, unpowered buildings, or Contaminate may cause inaccurate times.
  • Supply counts are checked every 10 seconds.